 Dungeon Crawl Stone Soup version 0.17-a0-744-gaa96792 (webtiles) character file.

274 namelastname112 the Chiller (level 6, -6/41 HPs)
             Began as a Merfolk Ice Elementalist on Apr 21, 2015.
             Was a Follower of Vehumet.
             Mangled by Menkaure (23 damage)
             ... on level 3 of the Dungeon.
             The game lasted 00:07:16 (3447 turns).

namelastname112 the Chiller (MfIE)                  Turns: 3447, Time: 00:07:16

Health: -6/41      AC: 10    Str:  8    XL:     6   Next: 24%
Magic:  12/12      EV: 13    Int: 19    God:    Vehumet [*.....]
Gold:   196        SH:  0    Dex: 15    Spells: 2 memorised, 9 levels left

rFire  . . .     SeeInvis .     i - +0 dagger (holy)
rCold  . . .     Clarity  .     a - +0 robe
rNeg   . . .     SustAb   .     (no shield)
rPois  .         Gourm    .     p - +1 helmet {Int+3}
rElec  .         Spirit   .     (no cloak)
rCorr  .         Warding  .     (no gloves)
rMut   .         Stasis   .     (no boots)
MR     .....                    (no amulet)
Stlth  ++........               (no ring)
                                o - ring of flight

@: icy armour, not resistant to hostile enchantments, unstealthy
A: change form in water, swift swim
a: Renounce Religion, Evoke Flight


You were on level 3 of the Dungeon.
You worshipped Vehumet.
Vehumet was aware of your devotion.
You were not hungry.

You visited 1 branch of the dungeon, and saw 4 of its levels.

You collected 196 gold pieces.

Inventory:

Hand weapons
 i - a +0 dagger of holy wrath (weapon)
 C - a +0 blowgun
Missiles
 D - 30 poisoned needles
Armour
 a - a +0 robe (worn)
 p - a +1 helmet of intelligence (worn)
Jewellery
 o - a ring of flight (left hand)
Scrolls
 e - 2 scrolls of recharging {unknown}
 f - 3 scrolls of identify {unknown}
 g - 3 scrolls of enchant weapon {unknown}
 h - a scroll of amnesia {unknown}
 n - 2 scrolls of remove curse {unknown}
 q - 3 scrolls of fog {unknown}
 r - 2 scrolls of teleportation {unknown}
 s - a scroll of magic mapping {unknown}
 y - a scroll of random uselessness {unknown}
Potions
 d - a potion of curing
 k - a potion of might {unknown}
 t - 4 potions of brilliance {unknown}
 x - a potion of poison {unknown}
 z - a potion of magic {unknown}
 B - a potion of degeneration {unknown}
Books
 b - a book of Frost

   Spells                             Type                      Level
   a - Freeze                         Ice                          1
   b - Throw Frost                    Conjuration/Ice              2
   c - Ozocubu's Armour               Charms/Ice                   3
   d - Throw Icicle                   Conjuration/Ice              4
   e - Summon Ice Beast               Ice/Summoning                4
   f - Condensation Shield            Ice                          4
 u - Vehumet's Handbook of Blows and Bruises
   (You found it on level 2 of the Dungeon)

   Spells                             Type                      Level
   a - Magic Dart                     Conjuration                  1
 v - Sif Muna's Tome of Curses
   (You found it on level 2 of the Dungeon)

   Spells                             Type                      Level
   a - Corona                         Hexes                        1
 w - Kikubaaqudgha's Reference Book on Black Arts
   (You found it on level 2 of the Dungeon)

   Spells                             Type                      Level
   a - Animate Skeleton               Necromancy                   1
Comestibles
 c - 2 bread rations
 j - 2 fruits
 l - a royal jelly
 m - 3 meat rations
 A - a beef jerky


   Skills:
 - Level 2.6 Dodging
 - Level 2.1 Stealth
 + Level 4.4 Spellcasting
   Level 0.7 Conjurations
 + Level 5.6 Ice Magic


You had 9 spell levels left.
You knew the following spells:

 Your Spells              Type           Power        Failure   Level  Hunger
a - Ozocubu's Armour      Chrm/Ice       ##......     14%         3    ###....
z - Freeze                Ice            ####         1%          1    None


Dungeon Overview and Level Annotations

Branches:
Dungeon (4/15)
 Temple: D:4-7

Altars:
Ashenzari
Kikubaaqudgha
Okawaru
Sif Muna
Vehumet
Yredelemnul

Shops:
D:4 *?

Annotations:
D:3 Menkaure


Message History

You hit Menkaure but do no damage. Menkaure barely misses you.
You hit Menkaure.
Menkaure convulses.
Menkaure is lightly damaged.
Menkaure misses you.
Menkaure gestures at you while chanting.
You barely resist. You barely miss Menkaure.
Menkaure is lightly damaged.
Menkaure misses you.
You hit Menkaure but do no damage.
Menkaure is lightly damaged.
Menkaure misses you.
You hit Menkaure.
Menkaure convulses.
Menkaure is heavily damaged.
Menkaure closely misses you.
You hit Menkaure.
Menkaure convulses.
Menkaure is heavily damaged.
Menkaure hits you!!
Ouch! That really hurt!
You die...

#.#.##..# #.#.#..#..#.#
#.#.....# #.#.......#.#
#.#.#...# #.###.#.....#
#.......#######.# ##.#.####
###.....##......#
#.......#### ####)####.)....#
#.......#... #.......#......#
#..#........ #.##.##.#...M.##
#[...##.#... #.##.##.#...@.#
#..####.#### #.##.##.#######
#.......#
#.##.##.###########......# ##
#.##.##.##......# #.###### #.
#.......##.####.# #.# #.
#.##.##.##.####.###.# #.
#.##.##.##.#.....)..########.
#.##.......#.##.###.....).##.
#.#####.##......# #.#####.##.


You could see Menkaure.

Vanquished Creatures
  Eustachio (D:3)
  Robin (D:3)
  5 adders
  2 worms (D:3)
  2 giant geckos (D:3)
  4 orcs (D:3)
  A ball python (D:2)
  4 giant cockroaches
  19 goblins
  7 hobgoblins
  3 bats
  2 giant newts (D:2)
  6 jackals
  5 kobolds
  10 rats
72 creatures vanquished.

Notes
Turn   | Place    | Note
--------------------------------------------------------------
     0 | D:1      | namelastname112, the Merfolk Ice Elementalist, began the quest for the Orb.
     0 | D:1      | Reached XP level 1. HP: 13/13 MP: 3/3
   517 | D:1      | Reached XP level 2. HP: 17/19 MP: 0/5
  1342 | D:2      | Reached XP level 3. HP: 24/24 MP: 2/7
  1477 | D:2      | Found a deep blue altar of Sif Muna.
  1482 | D:2      | Found an ancient bone altar of Kikubaaqudgha.
  1482 | D:2      | Found a radiant altar of Vehumet.
  1487 | D:2      | Identified Vehumet's Handbook of Blows and Bruises
  1489 | D:2      | Became a worshipper of Vehumet
  1497 | D:2      | Identified Sif Muna's Tome of Curses
  1504 | D:2      | Identified Kikubaaqudgha's Reference Book on Black Arts
  1544 | D:2      | Learned a level 3 spell: Ozocubu's Armour
  1649 | D:2      | Reached skill level 4 in Ice Magic
  1865 | D:3      | Reached XP level 4. HP: 21/30 MP: 5/8
  1932 | D:3      | Noticed Robin
  2018 | D:3      | Killed Robin
  2193 | D:3      | Acquired Vehumet's first power
  2193 | D:3      | Offered knowledge of Flame Tongue by Vehumet.
  2720 | D:3      | Reached XP level 5. HP: 35/35 MP: 8/10
  2778 | D:3      | Found a basalt altar of Yredelemnul.
  2781 | D:3      | Found an iron altar of Okawaru.
  2784 | D:3      | Found a shattered altar of Ashenzari.
  3115 | D:4      | Noticed Eustachio
  3135 | D:3      | Killed Eustachio
  3135 | D:3      | Reached skill level 5 in Ice Magic
  3135 | D:3      | Reached XP level 6. HP: 26/41 MP: 9/12
  3250 | D:4      | Found Jukugep's Magic Scroll Boutique.
  3256 | D:4      | Found Moipluesch's Assorted Antiques.
  3259 | D:4      | Noticed Menkaure
  3447 | D:3      | Mangled by Menkaure

Action                   |  1- 3 |  4- 6 || total
-------------------------+-------+-------++-------
Melee: Unarmed           |     8 |       ||     8
       Dagger            |    33 |    45 ||    78
 Fire: Blowgun           |       |    11 ||    11
 Cast: Freeze            |    49 |    69 ||   118
       Ozocubu's Armour  |       |     2 ||     2
  Use: Potion            |       |     2 ||     2
 Stab: Sleeping          |     2 |       ||     2
  Eat: Chunk             |     3 |     4 ||     7
       Fruit             |       |     2 ||     2
